woodfighter, neutral female human Healer G.G.. .@G<. -.%.. woodfighter the Empiric Experience level: 4 Strength: 8 Dexterity: 9 Constitution: 13 Intelligence: 13 Wisdom: 18 Charisma: 16 Health: 0(25) Energy: 4(17) Def: 2 Gold: 1515 Moves: 1238 Dungeon seed: smC1VTabnWm0WHKV Game ID: woodfighter_1505232672 Your Inventory: Coins $ - 1515 gold pieces Amulets s - a cursed amulet of change Weapons a - a blessed +0 scalpel (weapon in hand) Armor e - an uncursed +1 pair of leather gloves (being worn) n - a blessed +1 dwarvish cloak N - an uncursed +0 dwarvish cloak Comestibles j - 6 blessed eucalyptus leaves k - 3 blessed sprigs of wolfsbane l - 4 blessed cloves of garlic m - 6 uncursed apples o - an uncursed candy bar p - an uncursed lichen corpse q - 2 uncursed food rations x - an uncursed magic beans Scrolls u - an uncursed scroll of remove curse Potions c - 4 uncursed potions of healing d - 5 uncursed potions of extra healing t - an uncursed potion of fruit juice Wands f - a wand of sleep (0:5) r - a wand of enlightenment (0:13) Tools b - an uncursed stethoscope w - an uncursed credit card z - a +0 pick-axe A - 3 uncursed tallow candles (0:200) Spells and supernatural/magical abilities: Name Level Category Fail Memory h - healing 1 healing 0% 94% x - extra healing 3 healing 6% 94% S - stone to flesh 3 healing 23% 94% W - pray for help -- divine ? -- Your skills at the end: Miscellaneous Skills wands [Basic] Weapon Skills knife [Basic] Spellcasting Skills healing spells [Basic] Final Attributes: You were devoutly aligned. You were poison resistant. You were stealthy. You are dead. Vanquished creatures: a gnome lord a gnomish wizard a kitten 2 dwarves an orc zombie a hobbit a giant rat 10 gnomes 5 jackals a kobold 4 newts a goblin 2 grid bugs 2 lichens 2 kobold zombies 35 creatures vanquished. Voluntary challenges: You followed a strict vegan diet. You did not adorn yourself with jewelry or accessories. You did not cause conflict. You were not invisible. You did not have reflection. You were not displaced. You were an atheist. You used a wielded weapon 67 times, starting on turn 2. You did not use containers. You did not apply a unicorn horn. You did not use plumbed fixtures. You did not drink any magical draughts. You were illiterate. You never genocided any monsters. You never polymorphed an object. You never changed form. You used no wishes. You never split a pudding. You never wrote Elbereth's name. You never violated your personal moral code. Dungeon overview: The Dungeons of Doom: levels 1 to 3 Level 1 (vault) a fountain a long staircase Level 2 a potion shop stairs to The Gnomish Mines Level 3 The Gnomish Mines: levels 3 to 4 Level 3 stairs to The Dungeons of Doom Level 4 <- You were here History has recorded: On T:1 you entered the Dungeons of Doom to retrieve the Amulet of Yendor! On T:176 you reached level 2 of The Dungeons of Doom. On T:389 you reached level 1 of The Gnomish Mines. On T:623 you reached level 3 of The Dungeons of Doom. On T:709 you advanced to experience level 2. On T:750 you advanced to experience level 3. On T:907 you advanced to experience level 4. On T:996 you reached level 2 of The Gnomish Mines. Score breakdown: Gold: 211 ( 21 points) Experience: 4 levels ( 300 points) Exploration: 4 levels ( 90 points) Discoveries: 7 items ( 350 points) Variety of kills: 15 monsters ( 750 points) Major goal: (nothing yet) ( 0 points) Survival: died (score multiplied by 3) Total score: 4533 Latest messages: You feel better. The gnome lord punches you! The gnome punches you! You slash the gnome. The gnome is moderately wounded. The gnome punches you! You slash the gnome. The gnome is horribly wounded. The gnome lord punches you! The gnome punches you! You feel better. The gnome punches you! The gnome lord punches you! You kill the gnome! The gnome punches you! The gnome just misses! You hack the gnome. The gnome is moderately wounded. The gnome lord punches you! You hack the gnome. The gnome is moderately wounded. The gnome lord punches you! You die... Final status: Goodbye woodfighter the Healer, killed by a gnome lord... You died in The Gnomish Mines on dungeon level 4 with 4533 points, and 1515 pieces of gold, after 1238 moves. You were level 4 with a maximum of 25 hit points when you died.